Description

attack

Replay - INnoVation v Maru: Game 1 - 포트 알렉산더 - 래더

Build Order

Get SALT Encoding   

  12  0:00  SCV  
  13  0:12  SCV  
  14  0:17  Supply Depot  
  14  0:24  SCV  
  15  0:30  Refinery  
  15  0:39  SCV  
  16  0:46  Barracks  
  16  0:51  SCV  
  17  0:57  Refinery  
  17  1:03  SCV  
  18  1:15  SCV  
  19  1:32  Reaper, Orbital Command  
  19  1:37  Factory  
  20  1:53  Supply Depot  
  20  1:58  SCV  
  21  2:06  Reaper  
  22  2:10  SCV  
  23  2:21  Hellion  
  25  2:29  Command Center  
  25  2:32  SCV  
  26  2:40  Starport  
  26  2:42  Factory Tech Lab  
  26  2:48  Barracks Reactor  
  27  2:53  Supply Depot  
  28  3:06  Cyclone  
  28  3:07  Liberator  
  32  3:25  Marine x2  
  38  3:36  Refinery  
  38  3:40  Orbital Command  
  38  3:45  Marine x2  
  41  4:01  Cyclone  
  44  4:08  Starport Tech Lab, Marine x2  
  48  4:12  Supply Depot  
  50  4:27  Raven  
  54  4:35  Siege Tank  
  54  4:36  Supply Depot  
  57  4:42  Refinery  
  59  4:45  Marine  
  64  5:09  Siege Tank  
  65  5:25  Viking x2  
  72  5:48  Marine, Siege Tank  
  77  5:55  Viking x2  
  83  6:08  Liberator  
  83  6:11  Marine  
  83  6:12  Stimpack  
  84  6:22  Siege Tank  
  87  6:29  Marine  
  96  6:55  Command Center  
  96  6:59  Siege Tank  
  100  7:16  Liberator  
  71  7:31  Siege Tank  
  79  7:39  Viking  
  79  7:42  Barracks x2  
  80  7:50  Engineering Bay x2  
  80  8:03  Siege Tank  
  83  8:07  Orbital Command  
  87  8:26  Barracks x3  
  89  8:29  Combat Shield  
  89  8:31  Barracks Reactor  
  89  8:35  Siege Tank  
  89  8:40  Starport Reactor  
  92  8:42  Missile Turret  
  95  9:01  Orbital Command  
  95  9:07  Siege Tank  
  84  9:22  Medivac x2  
Spawning Tool Build Advisor. Get it on Overwolf

Go to:

Details

  • Created by: ftuttle4
  • Published on: Mar 18, 2019
  • Modified on: Mar 18, 2019
  • Patch: 4.7.1
Show
View Real Time Build Order
Export as new Build Order

Comments (0)

There are no comments. Be the first!

Create an account to comment!